 Dungeon Crawl Stone Soup version 0.21-a0-264-g3e31e41 (webtiles) character file.

2991 namelastname112 the Covert (level 9, -1/75 HPs)
             Began as a Yellow Draconian Assassin on Sept 9, 2017.
             Was an Initiate of Gozag.
             Slain by an ogre
             ... wielding a +0 giant club
              (16 damage)
             ... on level 8 of the Dungeon.
             The game lasted 00:07:55 (6598 turns).

namelastname112 the Covert (DrAs)                   Turns: 6598, Time: 00:07:56

Health: -1/75      AC:  9    Str: 13    XL:     9   Next: 54%
Magic:  9/9        EV: 15    Int: 12    God:    Gozag
Gold:   509        SH:  0    Dex: 16    Spells: 8/8 levels left

rFire    . . .     SeeInvis .   x - +7 Screaming Sword
rCold    . . .     Gourm    .   (no shield)
rNeg     . . .     Faith    .   (armour unavailable)
rPois    .         Spirit   .   (helmet restricted)
rElec    .         Reflect  .   c - +1 cloak
rCorr    +         Harm     .   (no gloves)
MR       .....                  (no boots)
Stlth    ++++......             (no amulet)
HPRegen  0.22/turn              (no ring)
MPRegen  0.11/turn              (no ring)

@: lethally poisoned (-1 -> -4), short of breath, gold aura
A: spit acid, acid resistance, unfitting armour, cold-blooded, AC +7
a: Breathe Acid, Potion Petition, Call Merchant, Bribe Branch, Renounce Religion


You were on level 8 of the Dungeon.
You worshipped Gozag.
Gozag was pleased with you.
You were very hungry.

You visited 1 branch of the dungeon, and saw 8 of its levels.

You collected 628 gold pieces.
You paid 119 gold pieces to Gozag.

Inventory:

Hand Weapons
 b - a +1 blowgun
 i - a +1 dagger of venom
 x - the +7 Screaming Sword (weapon)
   (You found it on level 4 of the Dungeon)
Missiles
 d - 31 poisoned needles
 e - 2 curare-tipped needles
Armour
 c - a +1 cloak (worn)
Wands
 l - a wand of lightning (9/15)
 p - a wand of confusion (31/48)
Scrolls
 g - 3 scrolls of remove curse
 h - a scroll of magic mapping
 r - a scroll of fog
Potions
 a - 2 potions of mutation {unknown}
 j - a potion of cancellation
 k - a potion of degeneration {unknown}
 n - 2 potions of heal wounds
 o - 3 potions of curing
 q - a potion of flight {unknown}
 t - a potion of invisibility
Comestibles
 f - 3 bread rations
 m - 6 fruits


   Skills:
 + Level 5.9 Fighting
 * Level 8.0 Short Blades
 - Level 1.7 Throwing
 + Level 5.0 Dodging
 * Level 8.7 Stealth


You had 8 spell levels left.
You didn't know any spells.

Dungeon Overview and Level Annotations

Branches:
Dungeon (8/15)             Temple (0/1) D:7
   Lair: D:8-11

Altars:
Cheibriados
Elyvilon
Gozag
Kikubaaqudgha
Makhleb
Okawaru
Qazlal
Uskayaw
Vehumet
Zin

Annotations:
D:7 2 transporters


Innate Abilities, Weirdness & Mutations

You can spit globs of acid.
You are resistant to acid.
Your golden yellow scales are hard. (AC +7)
You cannot fit into any form of body armour.
You are cold-blooded and may be slowed by cold attacks.


Message History

You take 20 damage, and have 16/75 hp.
MASSIVE DAMAGE!!
Press: ? - help, Shift-Dir - straight line, f - killer bee
Aim: a killer bee (moderately wounded, berserk, fast, unusually strong)
You spit a glob of acid.
The glob of acid hits the killer bee.
The killer bee is splashed with acid.
The acid corrodes the killer bee!
The killer bee is almost dead.
The killer bee is no longer distracted by gold.
The killer bee is splashed with acid.
You kill the killer bee!
Your Short Blades skill increases to level 8!
Your Dodging skill increases to level 5!
You are feeling very hungry.
You feel sick.
You take 1 damage, and have 15/75 hp.
You barely miss the ogre.
You tail-slap the ogre, but do no damage.
The ogre is moderately wounded.
You feel sick. The ogre hits you with a giant club!
You die...
Your body crumbles into a pile of gold.

## #.# #...# .###
#.# #...#
...####.# #...#
<.....#.# ###...#
##.##.#.## #.y..<#
#.#[...y###.#.#$#
.#....yy.y.yy.#$#
##.#.($.s###y###O#
####.#.## #O# #@#
#.#$# ... #.#
#....yy.........#
#....#.##.....###
#..####y ##...#
.... # ...# .#.#
##. #


You could see an ogre.

Vanquished Creatures
  A queen bee (D:8)
  A hungry ghost (D:7)
  2 water moccasins
  A sky beast (D:7)
  A necrophage (D:8)
  An ice beast (D:6)
  An ogre (D:5)
  The ghost of namelastname112 the Sneak, an amateur DrAs (D:3)
  A centaur (D:7)
  4 bullfrogs
  5 scorpions
  14 killer bees (D:8)
  A howler monkey (D:7)
  A bullfrog zombie (D:8)
  4 hounds
  A jelly (D:5)
  2 orc priests (D:6)
  An orc wizard (D:6)
  4 worker ants
  Natasha (twice) (D:4)
  2 iguanas
  A hound skeleton (D:6)
  A howler monkey skeleton (D:6)
  7 gnolls
  8 adders
  2 oozes
  An adder skeleton (D:4)
  2 worms
  4 dart slugs
  4 leopard geckos
  23 orcs
  4 giant cockroaches
  6 goblins
  14 hobgoblins
  5 kobolds
  8 quokkas
  13 bats
  6 frilled lizards
  3 rats
163 creatures vanquished.

Notes
Turn   | Place    | Note
-------+----------+-------------------------------------------
     0 | D:1      | namelastname112 the Draconian Assassin began the quest for the Orb.
     0 | D:1      | Reached XP level 1. HP: 17/17 MP: 1/1
    52 | D:1      | Reached skill level 1 in Dodging
   274 | D:1      | Reached XP level 2. HP: 21/25 MP: 2/2
   856 | D:2      | Reached XP level 3. HP: 26/30 MP: 3/3
   939 | D:2      | Reached XP level 4. HP: 32/37 MP: 4/4
  1263 | D:3      | Found a white marble altar of Elyvilon.
  1333 | D:3      | Reached XP level 5. HP: 45/45 MP: 5/5
  1557 | D:3      | Noticed namelastname112's ghost (amateur DrAs)
  1617 | D:3      | Killed namelastname112's ghost
  1617 | D:3      | Reached skill level 5 in Stealth
  1876 | D:3      | Reached XP level 6. HP: 51/51 MP: 6/6
  2252 | D:3      | Found a stormy altar of Qazlal.
  2252 | D:3      | Found a radiant altar of Vehumet.
  2442 | D:4      | Found a snail-covered altar of Cheibriados.
  2528 | D:4      | Noticed Natasha
  2542 | D:4      | Killed Natasha
  2745 | D:4      | Found a hide-covered altar of Uskayaw.
  2747 | D:4      | Found a burning altar of Makhleb.
  2748 | D:4      | Found an ancient bone altar of Kikubaaqudgha.
  2760 | D:4      | Found an iron altar of Okawaru.
  2844 | D:4      | Noticed Natasha
  2855 | D:4      | Killed Natasha
  2984 | D:4      | Your scales start taking on a golden yellow colour.
  2984 | D:4      | Reached XP level 7. HP: 58/58 MP: 7/7
  3032 | D:4      | Found the +7 Singing Sword
  3107 | D:4      | Reached skill level 5 in Short Blades
  3373 | D:5      | Entered Level 5 of the Dungeon
  4327 | D:6      | Reached XP level 8. HP: 50/67 MP: 8/8
  4569 | D:6      | Found an opulent altar of Gozag.
  4577 | D:6      | Became a worshipper of Gozag Ym Sagoz the Greedy
  5144 | D:7      | Found a transporter.
  5144 | D:7      | Noticed a cyan ugly thing
  5148 | D:7      | Found a glowing silver altar of Zin.
  5148 | D:7      | Noticed a komodo dragon
  5166 | D:7      | Found a transporter.
  5200 | D:7      | Reached skill level 5 in Fighting
  5229 | D:7      | Found a staircase to the Ecumenical Temple.
  6256 | D:8      | Reached XP level 9. HP: 71/72 MP: 9/9
  6559 | D:8      | Noticed a queen bee
  6595 | D:8      | Killed a queen bee
  6596 | D:8      | Reached skill level 5 in Dodging
  6598 | D:8      | Slain by an ogre

Vault maps used:
D:1:      minmay_arrival_jagged, serial_forest, infiniplex_forest_corner_2,
          infiniplex_forest_end_2, infiniplex_forest_straight_1,
          infiniplex_forest_diagonal, infiniplex_forest_lined_2
D:3:      gammafunk_temple_overflow_wave, elyvilon_altar_5
D:4:      old_forge, nicolae_overflow_quartered_altars, first_bread,
          hangedman_abyss_or_decor_jellyfish_corner, chei_slow_surprise,
          uniq_natasha
D:6:      nicolae_gozag_cash_rules_everything_around_me
D:7:      gammafunk_temple_overflow_arena, minmay_temple_entry_junction
D:8:      kennysheep_mini, lair_entry_dummy, basic_altar, david_nohive_1

Skill      XL: |  1  2  3  4  5  6  7  8  9 |
---------------+----------------------------+-----
Dodging        | 1 2 3 4 5 |  5.0
Stealth        | 4 5 6 7 8 |  8.7
Short Blades   | 3 4 5 7 8 |  8.0
Fighting       | 3 4 5 |  5.9
Throwing       | |  1.7

Action                   |  1- 3 |  4- 6 |  7- 9 || total
-------------------------+-------+-------+-------++-------
Melee: Dagger            |   102 |   224 |    15 ||   341
       Tailslap          |    10 |    28 |    30 ||    68
       Double sword      |       |       |   138 ||   138
 Abil: Breathe Acid      |       |       |     4 ||     4
  Use: Scroll            |       |       |    13 ||    13
       Potion            |       |       |     1 ||     1
 Stab: Sleeping          |     2 |    18 |     6 ||    26
       Distracted        |       |       |     4 ||     4
  Eat: Chunk             |       |     6 |     2 ||     8
       Meat ration       |       |       |     1 ||     1
       Royal jelly       |       |       |     3 ||     3
Armor: Skin              |    39 |    62 |    66 ||   167
Dodge: Dodged            |    79 |    89 |   146 ||   314
       Rpst.: Double sword |       |       |    46 ||    46

Table legend:
 A = Spawn XP
 B = Non-spawn XP
 C = Spawn XP percentage of total XP
 D = Spawn monster count
 E = Non-spawn monster count
 F = Spawn count percentage of total count
 G = Total turns spent on level
                    A         B        C        D         E        F      G
               +---------+---------+-------+---------+---------+-------+---------
         Total |       0 |    4273 |   0.0 |       0 |     163 |   0.0 |  6598
               +---------+---------+-------+---------+---------+-------+---------
           D:1 |       0 |      33 |   0.0 |       0 |      18 |   0.0 |   812
           D:2 |       0 |     123 |   0.0 |       0 |      21 |   0.0 |   442
           D:3 |       0 |     247 |   0.0 |       0 |      36 |   0.0 |  1007
           D:4 |       0 |     578 |   0.0 |       0 |      25 |   0.0 |  1112
           D:5 |       0 |     325 |   0.0 |       0 |       6 |   0.0 |   881
           D:6 |       0 |     655 |   0.0 |       0 |      19 |   0.0 |   672
           D:7 |       0 |     744 |   0.0 |       0 |      18 |   0.0 |  1305
           D:8 |       0 |    1568 |   0.0 |       0 |      20 |   0.0 |   367
               +---------+---------+-------+---------+---------+-------+---------
